 Dungeon Crawl Stone Soup version 0.29.1-12-g30fa7ad0bf (webtiles) character file.

Game seed: 15746436651280027186

1445 LustLizard the Cleaver (level 8, -2/65 (69) HPs)
             Began as a Minotaur Monk on Jan 4, 2023.
             Was a Priest of Cheibriados.
             Shot with a sling bullet by Joseph (13 damage)
             ... on level 8 of the Dungeon.
             The game lasted 00:13:50 (7050 turns).

LustLizard the Cleaver (Minotaur Monk)              Turns: 7050, Time: 00:13:51

HP:   -2/65 (69)    AC: 11    Str: 22    XL:     8   Next: 46%
MP:   9/9           EV: 10    Int: 14    God:    Cheibriados [***...]
Gold: 312           SH:  0    Dex: 21    Spells: 7/7 levels left

rFire   . . .      SeeInvis +   v - +0 war axe
rCold   . . .      Faith    .   (no shield)
rNeg    . . .      Spirit   .   E - +0 chain mail
rPois   .          Reflect  .   (helmet restricted)
rElec   .          Harm     .   a - +0 cloak
rCorr   .          Rampage  .   e - +0 pair of gloves
Will    .....                   A - +0 pair of boots
Stlth   ..........              (no amulet)
HPRegen 0.20/turn               x - ring of see invisible
MPRegen 0.11/turn               (no ring)

@: drained, very slow
A: horns 2, retaliatory headbutt, weak 1
a: Renounce Religion, Bend Time, Temporal Distortion


You were on level 8 of the Dungeon.
You worshipped Cheibriados.
Cheibriados was most pleased with you.
You visited 1 branch of the dungeon, and saw 8 of its levels.

You collected 312 gold pieces.

Inventory:

Hand Weapons
 v - a +0 war axe (weapon)
Missiles
 d - 5 javelins
 h - 29 stones (quivered)
 s - 3 silver javelins
 y - 5 poisoned darts
Armour
 a - a +0 cloak (worn)
 e - a +0 pair of gloves (worn)
 m - a +2 kite shield
 A - a +0 pair of boots (worn)
 E - a +0 chain mail (worn)
Jewellery
 j - a ring of fire
 x - a ring of see invisible (left hand)
Wands
 B - a wand of acid (9)
 D - a wand of iceblast (4)
Scrolls
 b - a scroll of fear {unknown}
 i - 3 scrolls of poison
 k - 5 scrolls of teleportation
 q - a scroll of brand weapon {unknown}
 r - 3 scrolls of amnesia
 t - a scroll of magic mapping {unknown}
 u - 2 scrolls of vulnerability {unknown}
 w - a scroll of blinking {unknown}
 C - a scroll of enchant weapon {unknown}
Potions
 c - a potion of ambrosia
 g - 5 potions of curing
 l - 2 potions of flight
 n - 2 potions of lignification
 o - 3 potions of heal wounds
 p - a potion of berserk rage {unknown}
 z - a potion of mutation {unknown}


   Skills:
 + Level 5.6 Fighting
 * Level 9.3 Axes
 + Level 4.5 Throwing
 + Level 1.4 Armour
 + Level 3.6 Dodging
 - Level 1.5 Stealth
 + Level 1.3 Shields
 + Level 3.9 Invocations


You had 7 spell levels left.
You didn't know any spells.
Your spell library contained the following spells:

 Spells                   Type           Power      Damage    Failure   Level
 Slow                     Hex            0%         N/A       95%         1
 Sublimation of Blood     Necr           0%         N/A       99%         2
 Wereblood                Tmut           0%         N/A       99%         2
 Confusing Touch          Hex            0%         N/A       100%        3
 Ozocubu's Armour         Ice            0%         N/A       100%        3
 Vampiric Draining        Necr           0%         2d6       100%        3
 Ozocubu's Refrigeration  Ice            0%         4d7       100%        7
 Summon Hydra             Summ           0%         N/A       100%        7


Dungeon Overview and Level Annotations

Branches:
Dungeon (8/15)             Temple (0/1) D:4
   Lair: D:8-11

Altars:
Cheibriados
Hepliaklqana
Okawaru
Sif Muna

Annotations:
D:7 exclusion: hornet
D:8 Joseph


Innate Abilities, Weirdness & Mutations

You have a pair of horns on your head.
You reflexively headbutt those who attack you in melee.
You are weak. (Str -2)


Message History

You hit the wight. You headbutt the wight.
The wight is almost destroyed.
The wight hits you but does no damage.
You slash the wight!
You destroy the wight!
Cheibriados thoroughly appreciates the change of pace.
Your life force feels restored.
Your Armour skill increases to level 1!
Your Shields skill increases to level 1!
You closely miss the wight.
The wight hits you with a +3 long sword!
You feel drained.
A wight comes into view. It is wielding a +5 battleaxe.
You completely miss the wight.
The wight hits you with a +3 long sword.
You slash the wight!
The wight is severely damaged.
The wight hits you with a +3 long sword.
You feel drained.
You barely miss the wight.
The wight is severely damaged.
The wight hits you with a +3 long sword.
You hit the wight.
You destroy the wight!
Cheibriados appreciates the change of pace.
You hit the wight but do no damage. Your headbutt misses the wight.
The wight hits you with a +5 battleaxe!
You feel drained.
You hit the wight.
The wight is lightly damaged.
The wight hits you with a +5 battleaxe!
* * * LOW HITPOINT WARNING * * *
You feel drained.
* * * LOW HITPOINT WARNING * * *
You slash the wight!
You destroy the wight!
Cheibriados appreciates the change of pace.
You start resting.
Joseph is nearby!
Joseph shoots a sling bullet.
The sling bullet hits you!
You die...

..#...#+##.
######.#.#...##.
.........#.#.##. ...#
#...#.#....
.#.#####.#.##.#.
###.#.#....)..##...
...#.#.#..........
#.##.#.#..........
#@##.#.#..........
#..)..............
#.##.#.@..........
.######.##.#.#..[.......
........##.#.#..........
##########.#.#..........
..#.#.........
###.#........ ..#.#####.


You could see Joseph.

Vanquished Creatures
  2 water moccasins (D:7)
  A sky beast (D:6)
  2 ogres (D:5)
  A centaur (D:7)
  A phantom (D:5)
  A kobold brigand (D:7)
  A bullfrog (D:6)
  2 necrophages (D:5)
  3 wights (D:8)
  2 hounds
  A gnoll bouda (D:6)
  5 iguanas
  4 gnolls
  7 adders
  2 white imps (D:6)
  2 worms
  A dart slug (D:5)
  3 orcs
  4 bats
  4 endoplasms
  7 giant cockroaches
  5 goblins
  4 hobgoblins (D:2)
  2 quokkas
  9 ball pythons
  A frilled lizard (D:2)
  14 kobolds
  2 rats
93 creatures vanquished.

Notes
Turn   | Place    | Note
-------+----------+-------------------------------------------
     0 | D:1      | LustLizard the Minotaur Monk began the quest for the Orb.
     0 | D:1      | Reached XP level 1. HP: 19/19 MP: 0/0
   214 | D:1      | Reached skill level 4 in Axes
   465 | D:1      | Reached XP level 2. HP: 21/26 MP: 1/1
  1243 | D:2      | Reached skill level 1 in Throwing
  1243 | D:2      | Reached XP level 3. HP: 18/31 MP: 2/2
  1452 | D:2      | Reached skill level 5 in Axes
  1984 | D:3      | Found a shimmering blue altar of Sif Muna.
  2136 | D:3      | Reached XP level 4. HP: 39/39 MP: 3/3
  2302 | D:3      | Found a snail-covered altar of Cheibriados.
  2317 | D:3      | Became a worshipper of Cheibriados the Contemplative
  2317 | D:3      | Reached * piety under Cheibriados
  2317 | D:3      | Reached ** piety under Cheibriados
  2508 | D:3      | Found a faded altar of an unknown god.
  3217 | D:4      | Found a staircase to the Ecumenical Temple.
  3223 | D:4      | Reached skill level 6 in Axes
  3255 | D:4      | Identified the +5 quarterstaff of Impatience {vorpal,
                  | Contam rElec rPois Str+4}
  3261 | D:4      | Gained mutation: You are weak. (Str -2) [mutagenic glow]
  3446 | D:4      | Found an iron altar of Okawaru.
  3709 | D:5      | Entered Level 5 of the Dungeon
  3709 | D:5      | Noticed a phantom
  3733 | D:5      | Killed a phantom
  3734 | D:5      | Reached skill level 1 in Invocations
  3734 | D:5      | Reached XP level 5. HP: 15/45 MP: 4/4
  4146 | D:5      | Reached XP level 6. HP: 51/51 MP: 6/6
  4171 | D:5      | Reached skill level 7 in Axes
  4799 | D:5      | Reached XP level 7. HP: 60/60 MP: 7/7
  5118 | D:6      | Reached skill level 8 in Axes
  5989 | D:7      | Reached *** piety under Cheibriados
  6000 | D:7      | Reached skill level 5 in Fighting
  6063 | D:7      | Reached XP level 8. HP: 38/68 MP: 9/9
  6147 | D:7      | Reached skill level 9 in Axes
  6564 | D:7      | Noticed a hornet
  6628 | D:7      | Found a hazy altar of Hepliaklqana.
  6879 | D:8      | Noticed Joseph
  7033 | D:8      | Reached skill level 1 in Armour
  7033 | D:8      | Reached skill level 1 in Shields
  7050 | D:8      | Shot with a sling bullet by Joseph

Illustrated notes

Levels and vault maps discovered:
D:1:      dpeg_arrival_tiny_f, layout_loops_ring
D:2:      layout_basic
D:3:      layout_basic, led_sif_pool, mainiacjoe_overflow_concentric_impassable,
          hellmonk_ecumenical_altar_crossroads
D:4:      layout_layer_cave, nicolae_overflow_crystal_walls,
          minmay_temple_entry_large_hall
D:5:      layout_basic
D:6:      layout_basic, kennysheep_generic_room_4
D:7:      layout_rooms, mainiacjoe_overflow_24_doors, kennysheep_mini_moat
D:8:      statuecave_lemuel, layout_basic, serial_shops, shop,
          minmay_guarded_unrand_staff_of_olgreb, uniq_joseph, uniq_pikel

Skill      XL: |  1  2  3  4  5  6  7  8 |
---------------+-------------------------+-----
Axes           | 4 5 6 7 8 9 |  9.3
Throwing       | 1 2 3 4 |  4.5
Invocations    | 1 2 3 |  3.9
Fighting       | 4 5 |  5.6
Armour         | 1 |  1.4
Shields        | 1 |  1.3
Dodging        | |  3.6
Stealth        | |  1.5

Action                   |  1- 3 |  4- 6 |  7- 9 || total
-------------------------+-------+-------+-------++-------
Melee: Hand axe          |    87 |    83 |       ||   170
       Headbutt          |    13 |    12 |    21 ||    46
       War axe           |       |    15 |    94 ||   109
       Punch             |       |       |     1 ||     1
Throw: Stone             |       |    24 |     2 ||    26
       Dart              |       |       |    10 ||    10
  Use: Scroll            |     1 |     3 |     4 ||     8
Armor: Ring mail         |    23 |    18 |    18 ||    59
       Robe              |     3 |       |       ||     3
       Chain mail        |       |       |     8 ||     8
Dodge: Dodged            |    40 |    54 |    68 ||   162
